AoeStats
← 这波我很强

Nomad

507232837Analyzed
4v4 RM · 13d ago on Sep 17, 2026· 40m 56s· 8 players
Game mode
Random Map
Map size
231×231
Population
200
Speed
Normal
Resources
Standard
Victory
Conquest
Starting age
Dark Age
Ending age
Imperial Age
RankedLock teamsTeams togetherTeam positionsShared explorationLock speedFull tech treeHidden civsTurbo modeCheats
Victory
Defeat
🇨🇳 Spanish · China
1246
+10
🇨🇳 Khmer · China
1211
+12
🇯🇵 Dravidians · Japan
1170
+13
🇨🇳 Portuguese · China
1139
+14
🇷🇺 Celts · Russia
1186
-15
🇵🇱 Mongols · Poland
1097
-12
🇨🇳 Huns · China
1083
-11
🇵🇱 Wu · Poland
1075
-11
168kcal
5:05 Loom
14:15 Feudal Age
18:55 Castle Age
16:37 Horse Collar
16:43 Double-Bit Axe
17:58 Gold Mining
18:05 Stone Mining
20:26 Bow Saw
20:03 Fishing Lines
26:01 Wheelbarrow
26:30 Heavy Plow
27:21 Gillnets
32:05 Imperial Age
29:46 Scale Mail Armor
29:57 Forging
29:56 Town Watch
29:43 Man-at-Arms
30:25 Squires
30:11 Arson
30:12 Gambesons
29:48 Pikeman
31:02 Chain Mail Armor
31:56 Iron Casting
33:56 Plate Mail Armor
34:26 Blast Furnace
33:37 Long Swordsman
34:38 Two-Handed Swordsman
35:22 Fletching
36:13 Hand Cart
37:29 Conscription
37:07 Bodkin Arrow
38:43 Chemistry
38:51 Ballistics
38:59 Heavy Scorpion
41:00 Two-Man Saw
40:42 Elite Urumi Swordsman
W_x
4:27 Loom
13:12 Feudal Age
20:19 Castle Age
19:16 Horse Collar
19:24 Double-Bit Axe
20:56 Town Watch
21:47 Wheelbarrow
21:24 Bow Saw
21:15 Heavy Plow
25:21 Fletching
26:38 Bodkin Arrow
28:28 Padded Archer Armor
29:47 Leather Archer Armor
31:26 Bloodlines
31:16 Husbandry
32:39 Hand Cart
36:33 Imperial Age
38:29 Chemistry
37:38 Bracer
38:08 Ring Archer Armor
38:22 Conscription
38:59 Ballistics
39:19 Elite Conquistador
40:37 Scale Barding Armor
40:43 Forging
墨染灬青丝丶
5:27 Loom
15:08 Feudal Age
15:52 Double-Bit Axe
15:49 Horse Collar
19:16 Wheelbarrow
22:40 Castle Age
25:41 Bow Saw
25:32 Heavy Plow
27:56 Hand Cart
31:55 Imperial Age
30:01 Treadmill Crane
32:34 Town Watch
33:00 Gold Mining
33:01 Stone Mining
35:45 Siphons
39:12 Chemistry
39:34 Siege Engineers
39:52 Ballistics
39:51 Fletching
40:57 Guard Tower
这波我很强
10:55 Loom
13:55 Feudal Age
19:36 Castle Age
18:10 Horse Collar
20:13 Double-Bit Axe
20:29 Heavy Plow
21:10 Medium Warships
21:31 Bow Saw
32:53 Imperial Age
31:38 Gold Mining
34:18 Padded Archer Armor
34:29 Forging
35:10 Conscription
35:37 Wheelbarrow
35:53 Husbandry
36:03 Bloodlines
37:48 Hand Cart
37:45 Double Crossbow
37:09 Light Cavalry
38:14 Leather Archer Armor
39:14 Chemistry
38:34 Ballistics
39:14 Ring Archer Armor
40:19 Elite Ballista Elephant
41:16 Scale Barding Armor
41:46 Iron Casting
40:53 Capped Ram
kubeszek
13:58 Feudal Age
14:24 Double-Bit Axe
14:22 Fishing Lines
20:04 Castle Age
18:02 Gold Mining
18:48 Stone Mining
19:24 Fletching
21:02 Medium Warships
21:01 Gillnets
20:57 Loom
22:55 Wheelbarrow
22:59 Town Watch
25:50 Gold Shaft Mining
26:10 Hand Cart
25:58 Padded Archer Armor
27:00 Red Cliffs Tactics
28:32 Leather Archer Armor
28:12 Bodkin Arrow
29:00 Ballistics
31:07 Stone Shaft Mining
30:43 Scale Mail Armor
30:53 Forging
31:48 Elite Skirmisher
37:03 Imperial Age
38:12 Bracer
38:56 Conscription
40:12 Chemistry
Self_vs_Self
5:17 Loom
13:56 Feudal Age
19:51 Castle Age
18:06 Horse Collar
18:53 Scale Mail Armor
22:31 Wheelbarrow
Xemcio
6:08 Loom
13:33 Feudal Age
17:55 Double-Bit Axe
19:23 Fletching
21:08 Wheelbarrow
22:12 Fishing Lines
25:38 Castle Age
26:07 Stone Mining
26:09 Gold Mining
26:32 Bow Saw
29:44 Medium Warships
29:33 Bodkin Arrow
30:21 Gillnets
32:59 Gold Shaft Mining
32:28 Elite Skirmisher
37:20 Hand Cart
38:08 Town Watch
38:27 Padded Archer Armor
卢本伟
5:53 Loom
15:48 Feudal Age
18:00 Wheelbarrow
19:57 Castle Age
19:50 Stone Mining
21:57 Hand Cart
Connection lost

Rejoining the realm…

Still unreachable

The connection could not be restored.

Session expired

The server has moved on; the page needs a fresh start.